 Dungeon Crawl Stone Soup version 0.19.5 (webtiles) character file.

974854 Peloso the Minotaur Barricade (level 27, -17/206 HPs)
             Began as a Minotaur Fighter on Apr 30, 2017.
             Was the Champion of Okawaru.
             Killed from afar by a Brimstone Fiend (31 damage)
             ... with damnation
             ... on level 7 of Gehenna on May 2, 2017.
             The game lasted 08:28:42 (123340 turns).

Peloso the Minotaur Barricade (Minotaur Fighter)  Turns: 123340, Time: 08:28:42

Health: -17/206    AC: 53    Str: 35    XL:     27
Magic:  39/39      EV: 16    Int:  8    God:    Okawaru [******]
Gold:   7178       SH: 31    Dex: 22    Spells: 0 memorised, 26 levels left

rFire  + + +     SeeInvis .     P - +6 scimitar of Flaming Death {sticky flame, rPois rF++ rC- MR+}
rCold  + + .     Gourm    .     I - +12 gold dragon scales
rNeg   . . .     Faith    .     g - +1 large shield {reflect}
rPois  +         Spirit   .     H - +1 hat "Agil" {+Fly Dex+2 Slay+4}
rElec  +         Reflect  +     J - +2 cloak "Todwased" {rPois Str+6 Dex+5}
rCorr  .         Harm     .     S - +1 pair of gloves "Saitoce" {Slay+6}
MR     +++..                    b - +2 pair of boots of Music {*Contam rElec rF+ rC+}
Stlth  ..........               s - amulet of Vitality {Regen+ HP+15}
                                u - ring of Yrphyn {rElec rPois AC+2 Slay+3}
                                i - ring of Fuygua Minyu {rC+ Int+3 Slay+2}

@: very slightly contaminated
A: retaliatory headbutt, horns 2, blurry vision 1, deterioration 1, frail 3,
screaming 1, electricity resistance, subdued magic 2
a: Heroism, Finesse, Renounce Religion, Evoke Flight
}: 5/15 runes: barnacled, slimy, silver, golden, gossamer


You were on level 7 of Gehenna.
You worshipped Okawaru.
Okawaru was exalted by your worship.
You were near starving.

You visited 16 branches of the dungeon, and saw 70 of its levels.
You visited the Abyss 1 time.
You also visited: Trove and Desolation.

You collected 11482 gold pieces.
You spent 4304 gold pieces at shops.

Inventory:

Hand Weapons
 B - the +3 scimitar of Cocytus {slice, Str+5, unknown}
   (Okawaru gifted it to you on level 1 of Gehenna)

   It inflicts extra damage upon your enemies.
   It affects your strength (+5).
 D - a +4 double sword of freezing
 G - a +5 demon blade of flaming
 L - the +9 falchion of Bodily Humours {freeze, +Fly rPois Dex+7}
   (You found it on level 5 of the Pits of Slime)

   It has been specially enchanted to freeze those struck by it, causing extra
   injury to most foes and up to half again as much damage against particularly
   susceptible opponents.
   It can also slow down cold-blooded creatures.
   It affects your dexterity (+7).
   It protects you from poison.
   It lets you fly.
 O - the +8 autumn katana {slice, Clar}
   (You found it in the Desolation of Salt)

   It inflicts extra damage upon your enemies.
   It protects you against confusion.
 P - the +6 scimitar of Flaming Death (weapon) {sticky flame, rPois rF++ rC- MR+}
   (Okawaru gifted it to you on level 2 of the Elven Halls)

   It has been specially enchanted to burn those struck by it, causing extra
   injury to most foes and up to half again as much damage against particularly
   susceptible opponents.
   Big, fiery blades are also staple armaments of hydra-hunters.
   It greatly protects you from fire.
   It makes you vulnerable to cold.
   It protects you from poison.
   It affects your resistance to hostile enchantments.
 Q - a +1 demon blade of flaming
Armour
 b - the +2 pair of boots of Music (worn) {*Contam rElec rF+ rC+}
   (You found it in a treasure trove)

   It protects you from fire.
   It protects you from cold.
   It insulates you from electricity.
   It causes magical contamination when unequipped.
 f - the +5 plate armour "Asuketag" {Regen+ MP+9 Str+5}
   (You found it in the Desolation of Salt)

   It affects your strength (+5).
   It affects your magic capacity (+9).
   It increases your rate of regeneration.
 g - a +1 large shield of reflection (worn)
 w - the +0 pair of fencer's gloves {+Riposte Dex+3}
   (Okawaru gifted it to you on level 2 of Gehenna)

   It affects your dexterity (+3).
 F - the +2 hat of the Bear Spirit {Spirit, +Rage rN+ MR++}
   (You found it on level 3 of the Tomb of the Ancients)

   It protects you from negative energy.
   It affects your resistance to hostile enchantments.
   It lets you go berserk.
 H - the +1 hat "Agil" (worn) {+Fly Dex+2 Slay+4}
   (You acquired it on level 3 of the Depths)

   It affects your dexterity (+2).
   It affects your accuracy and damage with ranged weapons and melee attacks
   (+4).
   It lets you fly.
 I - +12 gold dragon scales (worn)
 J - the +2 cloak "Todwased" (worn) {rPois Str+6 Dex+5}
   (You bought it in a shop on level 2 of the Elven Halls)

   It affects your strength (+6).
   It affects your dexterity (+5).
   It protects you from poison.
 N - a +0 hat of see invisible
 R - the +2 large shield of the Ecumenical Temple {rN+ Str+7 Dex-2 Stlth+}
   (Okawaru gifted it to you on level 6 of Gehenna)

   It affects your strength (+7).
   It affects your dexterity (-2).
   It protects you from negative energy.
   It makes you more stealthy.
 S - the +1 pair of gloves "Saitoce" (worn) {Slay+6}
   (You bought it in a shop on level 3 of the Vaults)

   It affects your accuracy and damage with ranged weapons and melee attacks
   (+6).
 Y - the +2 hat "Kedompem" {MR+++ rCorr MP+9 Dex-3}
   (Okawaru gifted it to you on level 5 of the Realm of Zot)

   It affects your dexterity (-3).
   It affects your resistance to hostile enchantments.
   It affects your magic capacity (+9).
   It protects you from acid and corrosion.
Jewellery
 i - the ring of Fuygua Minyu (left hand) {rC+ Int+3 Slay+2}
   (You took it off a hell knight on level 2 of the Depths)

   [ring of protection from cold]

   It affects your intelligence (+3).
   It affects your accuracy and damage with ranged weapons and melee attacks
   (+2).
   It protects you from cold.
 s - the amulet of Vitality (around neck) {Regen+ HP+15}
   (You took it off a deep elf death mage on level 3 of the Elven Halls)

   [amulet of regeneration]

   It affects your health (+15).
   It increases your rate of regeneration.
 u - the ring of Yrphyn (right hand) {rElec rPois AC+2 Slay+3}
   (You found it on level 7 of the Dungeon)

   [ring of protection]

   It affects your AC (+2).
   It affects your accuracy and damage with ranged weapons and melee attacks
   (+3).
   It insulates you from electricity.
   It protects you from poison.
Wands
 a - a wand of teleportation (3/9)
 j - a wand of heal wounds (0/9)
 n - a wand of hasting (3/9)
 r - a wand of digging (12/24)
 v - a wand of disintegration (11/24)
Scrolls
 e - 30 scrolls of remove curse
 l - 6 scrolls of magic mapping
 m - 11 scrolls of fear
 o - 2 scrolls of summoning
 p - 3 scrolls of blinking
 q - 9 scrolls of recharging
 x - 8 scrolls of identify
 y - a scroll of silence
 K - 11 scrolls of teleportation
Potions
 d - 9 potions of might
 t - 7 potions of curing
 z - 8 potions of berserk rage
 C - 2 potions of haste
 M - a potion of invisibility
 W - 4 potions of agility
Comestibles
 h - 5 bread rations
 k - 18 meat rations
 A - 14 royal jellies


   Skills:
 O Level 27 Fighting
 O Level 27 Long Blades
   Level 1.9 Polearms
 O Level 27 Armour
 + Level 9.7 Dodging
 + Level 10.1 Stealth
 O Level 27 Shields
 + Level 26.3 Invocations
 + Level 24.4 Evocations


You had 26 spell levels left.
You didn't know any spells.

Dungeon Overview and Level Annotations

Branches:
Dungeon (15/15)            Temple (1/1) D:5            Lair (6/6) D:9
 Shoals (4/4) Lair:4       Spider (4/4) Lair:2        Slime (5/5) Lair:6
    Orc (2/2) D:10            Elf (3/3) Orc:2        Vaults (5/5) D:13
  Crypt (3/3) Vaults:2       Tomb (3/3) Crypt:3      Depths (5/5) D:15
   Hell (1/1)                 Dis (0/7) Hell            Geh (7/7) Hell
    Coc (0/7) Hell            Tar (1/7) Hell            Zot (5/5) Depths:5

Altars:
Ashenzari
Cheibriados
Dithmenos
Elyvilon
Fedhas
Gozag
Hepliaklqana
Kikubaaqudgha
Makhleb
Okawaru
Ru
Sif Muna
Uskayaw
Vehumet
Yredelemnul
Lugonu

Shops:
D:7 !   D:8 [   D:12 ?   Orc:2 :!(!   Elf:1 [   Elf:2 [   Elf:3 (   Vaults:1 }
Vaults:3 [   Depths:2 }*}%!

Portals:
Hell: Depths:1 Depths:2 Depths:3 Depths:4 Depths:5
Abyss: Depths:2 Depths:4
Pandemonium: Orc:2 Depths:3
Ziggurat: Depths:3

Annotations:
Shoals:1 exclusion: Roxanne, Roxanne


Innate Abilities, Weirdness & Mutations

You reflexively headbutt those who attack you in melee.
You have a pair of horns on your head.
Scrolls take you a little longer to read.
Your body sometimes deteriorates upon taking damage.
You are extremely frail. (-30% HP)
You occasionally shout uncontrollably at your foes.
You are resistant to electric shocks. (rElec)
Your spells are easier to cast, but less powerful.


Message History

You burn the hellion.
You kill the hellion!
Okawaru accepts your kill. The Brimstone Fiend gestures at you.
The sphere of damnation explodes!
The damnation engulfs you!
* * * LOW HITPOINT WARNING * * *
The damnation engulfs the fire giant zombie.
The damnation engulfs the quicksilver dragon skeleton.
The phantasmal warrior blinks!
You block the fire giant zombie's attack.
You hear a shout!
You hear an angry squeal.
You hear a shout!
You block the quicksilver dragon skeleton's attack. x2
The phantasmal warrior blinks!
You block the quicksilver dragon skeleton's attack. x2
Items here: $ )) † a flail; a trident; 31 gold pieces; a salamander corpse A red devil comes into view.
It is wielding a trident.
The Brimstone Fiend gestures at you.
The sphere of damnation explodes!
The damnation engulfs you!
You die...

*,,,,**..,*...#.....##.*,+,,*,,+,
+,,*,,+,..##........'.,,,***,**+*
+**,***,*,.'........##,*.',,*,,+,
+,,*,,+,,,##.....#...#,..#*,,,,*,
*,,,,**,,,#...).....#*#'##*,,,,**
*,,,,****##....§....#≈≈≈≈≈**++***
*****#####....#)#.###≈≈≈≈≈≈≈≈≈≈≈*
######...)).###)###≈§§§§§≈≈≈≈≈≈≈≈
...)....§§.##ZW)@)#§§≈≈§≈≈≈≈≈≈≈≈≈
....#..≈≈÷.##.Z#[.1§§§≈≈≈≈≈≈≈≈≈≈≈
§≈§§≈§≈§§).##§....#≈≈≈§§≈≈≈≈≈≈≈≈≈
≈≈§§§≈§≈..####+#+##§≈§§≈§§≈≈≈≈≈≈≈
§≈≈###§≈..#**#...#*#≈§≈§≈§≈≈≈≈≈≈≈
≈≈§# #§§#.#*......,*≈≈4§§≈≈**≈≈≈≈
§≈§#*#≈§§.##.#...#.+≈≈≈≈≈§≈**≈≈≈≈
≈≈≈§≈≈≈≈..##..#.#..'≈≈≈≈§§≈≈≈≈≈≈≈
##§≈≈≈≈≈..##.......*≈≈≈§§≈≈≈≈≈≈≈≈


You could see a Brimstone Fiend, a phantasmal warrior, a red devil, a fire giant
zombie and a quicksilver dragon skeleton.

Vanquished Creatures
  the Royal Jelly (Slime:5)
  The ghost of SexyTroll44 the Ruinous, a legendary DrAE of Kikubaaqudgha (Zot:2)
  Dissolution (Slime:3)
  the Serpent of Hell (Geh:7)
  4 ancient liches
  5 orbs of fire
  2 juggernauts
  42 greater mummies
  4 curse toes
  Saint Roka (Elf:3)
  8 Killer Klowns
  Xtahua (Depths:3)
  Nikola (Elf:3)
  19 golden dragons
  Geryon (Hell)
  3 bone dragons
  6 electric golems
  A doom hound (Tar:1)
  3 Tzitzimimeh
  23 Brimstone Fiends
  Jorgrun (Vaults:3)
  25 Orb Guardians (Zot:5)
  10 liches
  28 tentacled monstrosities
  10 quicksilver dragons
  20 acid blobs
  A deep elf master archer (Elf:3)
  7 titans
  Asterion (Vaults:3)
  A tentacled starspawn (Abyss:2)
  Frances (D:13)
  8 death cobs
  A deep elf blademaster (Elf:3)
  9 sphinxes
  12 ancient champions
  3 eldritch tentacles
  Polyphemus (Shoals:1)
  Gastronok (Lair:1)
  Kirke (Shoals:3)
  17 storm dragons
  4 revenants
  5 tengu reavers
  12 shadow dragons
  8 draconian monks
  Ilsuiw (Shoals:4)
  6 draconian knights
  20 vault wardens
  5 ghost moths
  14 frost giants
  10 fire giants
  The ghost of et2088 the Impaler, a journeyman NaBe of Trog (Spider:1)
  16 azure jellies
  2 iron dragons
  12 balrugs
  3 imperial myrmidons (Desolation)
  4 draconian zealots
  A caustic shrike zombie (Hell)
  4 deep elf elementalists (Elf:3)
  6 draconian shifters
  14 deep elf sorcerers
  6 draconian scorchers
  6 emperor scorpions
  The ghost of Peloso the Peltast, a journeyman MiFi of Okawaru (Orc:1)
  23 ironheart preservers
  2 curse skulls
  5 draconian callers
  5 war gargoyles
  18 very ugly things
  2 juggernaut skeletons (Crypt:3)
  7 ghouls
  7 spriggan defenders
  2 draconian annihilators (Zot:1)
  7 green draconians
  2 caustic shrike skeletons
  9 deep elf demonologists
  14 reapers
  12 vampire knights
  6 entropy weavers
  A black draconian (Zot:3)
  4 bennus (Tomb:2)
  A halazid warlock (Desolation)
  25 red draconians
  36 stone giants
  3 yellow draconians
  15 purple draconians
  7 white draconians
  7 deep elf annihilators
  7 eidola
  22 spark wasps
  Snorg (Orc:2)
  14 ettins
  12 mottled draconians
  9 death oozes
  8 crystal guardians
  6 merfolk javelineers
  5 jiangshi
  3 quicksilver dragon zombies
  26 mummy priests
  12 deep elf death magi
  6 merfolk impalers
  Josephine (Orc:1)
  13 yaktaur captains
  8 fire dragons
  7 deep elf high priests
  Harold (D:10)
  12 rakshasas
  16 great orbs of eyes
  9 ragged hierophants (Desolation)
  42 vault guards
  5 hydras
  10 servants of whispers (Desolation)
  13 ice dragons
  A catoblepas (Shoals:2)
  4 quicksilver dragon skeletons
  4 peacekeepers (Desolation)
  A hell beast (Geh:6)
  5 merfolk aquamancers
  12 spriggan air magi
  4 alligator snapping turtles
  12 centaur warriors
  An anaconda (shapeshifter) (D:13)
  8 merfolk avatars
  22 ogre magi
  Erica (D:8)
  13 deep troll shamans
  A satyr (Shoals:4)
  4 death knights
  3 tengu warriors
  6 deep troll earth magi
  26 dancing weapons
  80 death scarabs
  32 hell hogs
  9 vampire magi
  9 death yaks
  8 titan zombies
  4 spriggan berserkers
  8 orc high priests
  89 hell knights
  2 iron golems (Hell)
  3 thrashing horrors (Abyss:2)
  8 soul eaters
  21 sun demons
  2 storm dragon zombies
  34 deep elf knights
  13 titan skeletons
  A shadow wraith (Crypt:3)
  3 iron trolls
  A death drake (shapeshifter) (D:13)
  2 sixfirhies (Abyss:2)
  A salamander mystic (Depths:4)
  39 skeletal warriors
  2 infernal demonspawn (Orc:2)
  2 wretched stars (Abyss:2)
  A spectral emperor scorpion (Spider:4)
  7 golden dragon zombies
  3 unseen horrors
  4 storm dragon skeletons
  6 anaconda zombies
  The ghost of raetorn the Basher, a novice TrBe of Trog (D:6)
  A fire crab (shapeshifter) (Vaults:4)
  14 flayed ghosts
  A sea snake (shapeshifter) (Depths:4)
  An unseen horror (shapeshifter) (Depths:1)
  A gelid demonspawn (Orc:2)
  6 hill giants
  14 deep elf archers
  9 glowing orange brains
  An obsidian statue (Zot:5)
  32 deep trolls
  12 sea snakes
  2 orange crystal statues
  Pikel (D:6)
  13 phantasmal warriors
  A shadow demon (Tar:1)
  2 tengu zombies (Hell)
  5 golden dragon skeletons
  A lindwurm (Lair:6)
  6 spectral wolf spiders (Spider:4)
  4 wizards
  27 harpies
  4 anaconda skeletons
  5 iron dragon zombies
  17 ironbrand convokers
  21 orb spiders
  4 starcursed masses (Abyss:2)
  19 orc knights
  2 sphinx zombies
  27 necromancers
  69 deep elf magi
  5 wolf spider zombies
  A harpy (shapeshifter) (Vaults:2)
  14 fauns
  6 shadow dragon zombies
  6 shining eyes
  A cyclops (shapeshifter) (Vaults:3)
  6 cyclopes
  44 wolf spiders
  34 moths of wrath
  2 salamanders (shapeshifter)
  7 orc sorcerers
  4 fire giant zombies
  7 frost giant zombies
  21 ugly things
  7 shadow dragon skeletons
  6 elephants (Lair:6)
  13 manticores
  A shining eye (shapeshifter) (Vaults:4)
  4 salamanders
  3 stone giant zombies
  An ice statue (Hell)
  7 iron dragon skeletons
  7 stone giant skeletons
  A black mamba (shapeshifter) (D:13)
  A moth of wrath (shapeshifter) (Depths:2)
  4 eyes of devastation
  14 sirens
  5 fire giant skeletons
  12 rust devils
  2 dire elephant zombies
  4 spriggan zombies
  12 smoke demons
  4 black mambas
  A titan simulacrum (Crypt:1)
  9 molten gargoyles
  8 water nymphs
  2 guardian serpents (shapeshifter)
  21 vault sentinels
  2 centaur zombies
  6 frost giant skeletons
  Psyche (D:10)
  3 guardian serpents (Desolation)
  An orange demon (Abyss:2)
  12 spiny frogs
  An eye of devastation (shapeshifter) (Depths:2)
  A catoblepas zombie (Geh:1)
  10 torpor snails
  4 centaur skeletons
  2 kobold demonologists
  5 dire elephant skeletons
  2 shock serpent skeletons
  25 hellions
  11 tormentors
  3 spectral redbacks (Spider:4)
  17 freezing wraiths
  18 efreet
  2 catoblepas skeletons
  4 komodo dragons
  2 rime drakes
  2 ice devils (Orc:2)
  15 demonic crawlers
  2 emperor scorpion zombies
  A purple draconian skeleton (Crypt:1)
  A komodo dragon (shapeshifter) (D:13)
  28 yaktaurs
  63 guardian mummies
  3 hellwings
  A yaktaur (shapeshifter) (Vaults:4)
  A minotaur zombie (Geh:4)
  39 merfolk
  32 red devils
  2 harpy zombies
  11 trolls
  9 polar bears
  3 hydra zombies
  3 human skeletons
  6 wind drakes
  5 small abominations
  4 tyrant leeches (Lair:6)
  2 meliai (shapeshifter)
  3 harpy skeletons
  50 jumping spiders
  3 meliai
  34 hornets
  A white draconian skeleton (Crypt:1)
  A queen bee (D:8)
  55 saltlings (Desolation)
  2 spectral tarantellas (Spider:4)
  A wolf spider simulacrum (Crypt:2)
  A deep troll zombie (Hell)
  13 blink frogs
  2 alligator zombies
  147 slime creatures
  15 snapping turtles
  19 two-headed ogres
  7 ettin zombies
  2 frost giant simulacra (Depths:2)
  8 hydra skeletons
  13 hippogriffs
  A minotaur skeleton (Crypt:3)
  5 raiju
  2 iron dragon simulacra
  2 bog bodies
  A raiju (shapeshifter) (Vaults:4)
  A spectral jumping spider (Spider:4)
  4 dream sheep (Shoals:2)
  3 jumping spider zombies (Spider:4)
  75 flying skulls
  5 fire dragon zombies
  105 redbacks
  3 ice dragon zombies
  A spriggan (shapeshifter) (Vaults:2)
  19 air elementals
  4 ice dragon skeletons
  6 large abominations (Abyss:2)
  3 alligator skeletons
  A black mamba zombie (Geh:5)
  A ynoxinul (Abyss:2)
  7 spriggans
  6 fire dragon skeletons
  31 tarantellas
  4 ettin skeletons
  20 shadows
  50 yaks
  3 fire bats (Geh:6)
  32 water elementals
  A yak (shapeshifter) (D:14)
  32 ushabtiu
  A hog (shapeshifter) (Depths:1)
  60 fire elementals
  A basilisk (Lair:5)
  7 hogs (Shoals:3)
  Eustachio (D:6)
  6 golden eyes
  A golden eye (shapeshifter) (Vaults:2)
  31 wraiths
  An elf simulacrum (Depths:4)
  2 chaos spawn
  5 black mamba skeletons
  4 vampire mosquitoes (D:14)
  A neqoxec (Orc:2)
  2 hungry ghosts
  A glowing shapeshifter zombie (Crypt:3)
  2 soldier ants
  A mottled dragon (D:13)
  A monstrous demonspawn zombie (Crypt:2)
  3 spiny frog zombies
  16 wargs
  A hell hound (shapeshifter) (Vaults:4)
  3 hydra simulacra
  78 hell hounds
  A floating eye (Depths:2)
  A porcupine (Lair:5)
  2 spectral hornets (Spider:4)
  12 water moccasins
  2 floating eyes (shapeshifter)
  A gelid demonspawn skeleton (Crypt:2)
  A merfolk skeleton (Geh:1)
  14 black bears
  A manticore zombie (Geh:4)
  47 orc warriors
  7 ice beasts
  2 elf zombies
  An ice dragon simulacrum (Hell)
  9 phantoms
  7 sky beasts
  A slave (D:6)
  2 spiny frog skeletons
  19 necrophages
  An ettin simulacrum (Depths:2)
  20 wolves
  A black mamba simulacrum (Hell)
  14 boggarts
  27 centaurs
  8 eyes of draining
  90 ogres
  2 swamp dragon skeletons (Geh:4)
  2 manticore skeletons (Geh:2)
  10 crocodiles
  4 snapping turtle skeletons
  A yaktaur zombie (Hell)
  5 big kobolds
  34 bullfrogs
  4 earth elementals
  A gnoll sergeant (D:7)
  An elf skeleton (Tar:1)
  A yaktaur skeleton (Crypt:2)
  A draconian skeleton (Crypt:1)
  A glowing shapeshifter simulacrum (Vaults:2)
  2 wyvern skeletons
  10 scorpions
  A water moccasin skeleton (D:4)
  21 killer bees
  A manticore simulacrum (Crypt:1)
  80 wights
  A howler monkey (D:5)
  A troll skeleton (Geh:6)
  5 electric eels
  18 crimson imps
  A wolf skeleton (Crypt:2)
  25 hounds
  8 human zombies
  4 jellies
  4 quasits
  30 orc priests
  3 bullfrog skeletons
  24 orc wizards
  An iron imp (Abyss:2)
  3 iguanas
  11 worker ants
  An ogre zombie (Crypt:1)
  2 ogre skeletons (Crypt:3)
  2 hound skeletons
  A hound zombie (D:11)
  62 mummies
  A worker ant zombie (D:10)
  10 adders
  13 gnolls
  A howler monkey skeleton (D:9)
  A swamp drake skeleton (Crypt:3)
  5 shadow imps
  An ufetubus (Depths:3)
  An ooze (D:2)
  A halfling skeleton (Crypt:1)
  2 adder skeletons
  3 worms
  2 dart slugs
  6 leopard geckos
  103 orcs
  14 bats
  7 giant cockroaches
  6 goblins
  9 hobgoblins
  26 jackals
  40 kobolds
  2 quokkas
  6 ball pythons
  6 frilled lizards
  A hobgoblin zombie (Crypt:2)
  A kobold skeleton (Crypt:1)
  2 leopard gecko skeletons
  An orc zombie (Crypt:1)
  2 quokka skeletons
  A quokka zombie (D:5)
  5 rats
  2 fire vortices
  6 fungi
  A lurking horror (Abyss:2)
  4 pillars of salt (Vaults:1)
  9 plants
4467 creatures vanquished.

Vanquished Creatures (others)
  2 deep elf master archers (Elf:3)
  A fire giant (Geh:7)
  A deep elf annihilator (Elf:3)
  3 merfolk javelineers
  3 yaktaur captains
  A peacekeeper (Desolation)
  An ice dragon (Vaults:4)
  A centaur warrior (Depths:4)
  A satyr (Shoals:3)
  5 hell hogs
  A titan zombie (Tomb:2)
  A deep elf knight (Elf:3)
  A skeletal warrior (Tomb:2)
  A deep elf archer (Elf:1)
  A faun (Shoals:4)
  A necromancer (Geh:4)
  A deep elf mage (Elf:1)
  A moth of wrath (Zot:1)
  13 yaktaurs
  A hydra zombie (Tomb:2)
  2 merfolk
  13 flying skulls
  A black mamba zombie (Geh:4)
  A shadow (Geh:3)
  A wraith (Geh:3)
  A redback (Spider:4)
  A water elemental (Depths:2)
  2 hell hounds
  An orc warrior (Vaults:4)
  A slave (D:6)
  A wolf (Lair:6)
  A manticore zombie (Geh:7)
  An ogre (Vaults:1)
  A boggart (Depths:3)
  A centaur (Vaults:4)
  6 wights
  A hound (Lair:6)
  An ogre skeleton (Geh:3)
  A mummy (Tomb:2)
  A shadow imp (D:6)
  An adder skeleton (D:6)
  An orc (Vaults:5)
  A kobold (D:10)
  A fire vortex (Geh:4)
  5 fungi
  A lurking horror (Abyss:2)
  A pillar of salt (Vaults:1)
  16 plants
  2 starspawn tentacles (Abyss:2)
109 creatures vanquished.

Grand Total: 4576 creatures vanquished

Notes
Turn   | Place    | Note
-------+----------+-------------------------------------------
     0 | D:1      | Peloso the Minotaur Fighter began the quest for the Orb.
     0 | D:1      | Reached XP level 1. HP: 19/19 MP: 0/0
   113 | D:1      | Reached XP level 2. HP: 23/27 MP: 1/1
   372 | D:1      | Reached XP level 3. HP: 29/34 MP: 2/2
   940 | D:2      | Found a white marble altar of Elyvilon.
  1122 | D:2      | Reached XP level 4. HP: 41/41 MP: 3/3
  1240 | D:2      | Found a hide-covered altar of Uskayaw.
  1247 | D:2      | Found a radiant altar of Vehumet.
  1248 | D:2      | Found a blossoming altar of Fedhas.
  1528 | D:3      | Found an ancient bone altar of Kikubaaqudgha.
  1528 | D:3      | Found a hazy altar of Hepliaklqana.
  1537 | D:3      | Found a burning altar of Makhleb.
  1708 | D:3      | Found a snail-covered altar of Cheibriados.
  1740 | D:3      | Found a sacrificial altar of Ru.
  1749 | D:3      | Reached XP level 5. HP: 30/47 MP: 4/4
  1833 | D:3      | Found a shattered altar of Ashenzari.
  2131 | D:4      | Reached skill level 1 in Dodging
  2254 | D:4      | Reached XP level 6. HP: 39/53 MP: 3/5
  2278 | D:4      | Reached skill level 5 in Long Blades
  2278 | D:4      | Reached skill level 1 in Stealth
  2388 | D:3      | Reached skill level 5 in Shields
  2703 | D:4      | Reached skill level 5 in Fighting
  2725 | D:4      | Found an iron altar of Okawaru.
  2734 | D:4      | Became a worshipper of Warmaster Okawaru
  3127 | D:5      | Entered Level 5 of the Dungeon
  3182 | D:5      | Found a staircase to the Ecumenical Temple.
  3187 | D:5      | Reached skill level 5 in Armour
  3192 | D:5      | Reached XP level 7. HP: 60/61 MP: 6/6
  3657 | D:5      | Reached * piety under Okawaru
  4059 | D:6      | Noticed raetorn's ghost (novice TrBe)
  4087 | D:6      | HP: 3/63 [raetorn's ghost (14)]
  4089 | D:6      | Killed raetorn's ghost
  4089 | D:6      | Reached XP level 8. HP: 4/71 MP: 0/7
  4429 | D:6      | Noticed Pikel
  4455 | D:6      | Noticed Eustachio
  4459 | D:6      | Killed Pikel
  4459 | D:6      | Reached ** piety under Okawaru
  4459 | D:6      | Reached skill level 10 in Long Blades
  4459 | D:6      | Reached XP level 9. HP: 73/79 MP: 8/8
  4473 | D:6      | Killed Eustachio
  4708 | D:6      | Got an ancient short sword
  4709 | D:6      | Identified the +3 short sword of the Thirteen Beggars {freeze, MR++} (You found it on level 6 of the Dungeon)
  5061 | D:7      | Reached *** piety under Okawaru
  5273 | D:7      | Paralysed by a hornet for 1 turns
  5355 | D:7      | HP: 3/81 [hippogriff (7)]
  5495 | D:7      | Found Nurhazug's Distillery.
  5503 | D:7      | Bought a potion of curing for 42 gold pieces
  5506 | D:7      | Got a coiled gossamer ring
  5507 | D:7      | Identified the ring of Yrphyn {rElec rPois AC+2 Slay+3} (You found it on level 7 of the Dungeon)
  5511 | D:7      | Bought a potion of haste for 140 gold pieces
  5511 | D:7      | Bought a potion of resistance for 140 gold pieces
  5511 | D:7      | Bought a potion of might for 56 gold pieces
  5761 | D:8      | Found Tuiqu's Antique Armour Shoppe.
  5796 | D:8      | Reached **** piety under Okawaru
  5908 | D:8      | Reached XP level 10. HP: 85/88 MP: 9/9
  6474 | D:8      | Noticed Erica
  6481 | D:8      | Killed Erica
  6481 | D:8      | Reached ***** piety under Okawaru
  6994 | D:9      | Received a gift from Okawaru
  7038 | D:9      | Noticed a purple ugly thing
  7046 | D:9      | Killed a purple ugly thing
  7188 | D:9      | Reached XP level 11. HP: 95/97 MP: 10/10
  7213 | D:9      | Found a shadowy altar of Dithmenos.
  7290 | D:9      | Reached skill level 10 in Shields
  7701 | D:9      | Received a gift from Okawaru
  7706 | D:9      | Found a deep blue altar of Sif Muna.
  7760 | D:9      | Found a staircase to the Lair.
  7800 | D:9      | Identified Sif Muna's Grimoire of the Blaze
  7906 | D:10     | Entered Level 10 of the Dungeon
  8274 | D:10     | Found a staircase to the Orcish Mines.
  8277 | D:10     | Noticed Psyche
  8293 | D:10     | Killed Psyche
  8780 | D:10     | Noticed Harold
  8795 | D:10     | Killed Harold
  8795 | D:10     | Received a gift from Okawaru
  8798 | D:10     | Got an encrusted cloak {god gift}
  8804 | D:10     | Identified the +2 cloak "Qouxye" {Str+4 Dex+3 Slay+3} (Okawaru gifted it to you on level 10 of the Dungeon)
  8943 | D:11     | Reached skill level 10 in Fighting
  8994 | D:11     | Killed an unseen horror
  8994 | D:11     | Reached skill level 10 in Armour
  9232 | D:11     | Noticed a hill giant
  9234 | D:11     | Noticed a four-headed hydra
  9243 | D:11     | Killed a hill giant
  9250 | D:11     | Killed a one-headed hydra
  9434 | D:11     | Noticed a soul eater
  9441 | D:11     | Reached XP level 12. HP: 68/107 MP: 7/11
  9557 | D:11     | Reached ****** piety under Okawaru
  9927 | D:12     | Found a shimmering altar of Xom.
  9928 | D:12     | Found a shimmering altar of Xom.
  9929 | D:12     | Found a shimmering altar of Xom.
  9930 | D:12     | Found a shimmering altar of Xom.
  9930 | D:12     | Found a shimmering altar of Xom.
  9931 | D:12     | Found a shimmering altar of Xom.
  9931 | D:12     | Found a shimmering altar of Xom.
 10147 | D:12     | You fall through a shaft for 3 floors!
 10147 | D:15     | Entered Level 15 of the Dungeon
 10154 | D:15     | Received a gift from Okawaru
 10247 | D:15     | Noticed a tengu warrior
 10253 | D:15     | Killed a tengu warrior
 10541 | D:12     | Noticed an eight-headed hydra
 10548 | D:12     | Killed a four-headed hydra
 10607 | D:12     | Reached skill level 15 in Long Blades
 10725 | D:12     | Found Vestriomm's Magic Scroll Shop.
 10738 | D:12     | Bought a scroll of enchant armour for 97 gold pieces
 10738 | D:12     | Bought a scroll of identify for 26 gold pieces
 10738 | D:12     | Bought a scroll of teleportation for 39 gold pieces
 10738 | D:12     | Bought a scroll of identify for 26 gold pieces
 11064 | Lair:1   | Entered Level 1 of the Lair of Beasts
 11460 | Lair:1   | Reached XP level 13. HP: 116/117 MP: 12/12
 11636 | Lair:1   | Noticed Gastronok
 11651 | Lair:1   | Killed Gastronok
 12137 | Lair:2   | Received a gift from Okawaru
 12353 | Lair:2   | Found a hole to the Spider Nest.
 12680 | Lair:2   | Received a gift from Okawaru
 13021 | Lair:3   | Received a gift from Okawaru
 13611 | Lair:4   | Received a gift from Okawaru
 13627 | Lair:4   | Identified a +1 pair of boots of running (Okawaru gifted it to you on level 4 of the Lair of Beasts)
 13928 | Lair:4   | Found a staircase to the Shoals.
 15126 | Lair:6   | Entered Level 6 of the Lair of Beasts
 15126 | Lair:6   | Found a staircase to the Slime Pits.
 15385 | Lair:6   | Found a runed door.
 15397 | Lair:6   | Noticed a fire dragon
 15409 | Lair:6   | Killed a fire dragon
 15488 | Lair:6   | Reached XP level 14. HP: 67/129 MP: 9/13
 15850 | Lair:6   | Received a gift from Okawaru
 16241 | Lair:6   | Reached skill level 15 in Shields
 17298 | D:13     | Received a gift from Okawaru
 17308 | D:13     | Found a gate to the Vaults.
 17331 | D:13     | Identified the Almanac of Attacks
 17532 | D:13     | Noticed Frances
 17545 | D:13     | Killed Frances
 18801 | D:15     | Reached XP level 15. HP: 139/139 MP: 14/14
 19495 | D:15     | Found a staircase to the Depths.
 20041 | Orc:1    | Entered Level 1 of the Orcish Mines
 20117 | Orc:1    | Reached skill level 1 in Evocations
 20166 | Orc:2    | Entered Level 2 of the Orcish Mines
 20166 | Orc:2    | Found a staircase to the Elven Halls.
 20319 | Orc:2    | Found Afysa's Distillery.
 20325 | Orc:2    | Found Gauqidd's Distillery.
 20725 | Orc:2    | Bought a potion of cure mutation for 350 gold pieces
 21123 | Orc:2    | Received a gift from Okawaru
 21300 | Orc:2    | Reached skill level 1 in Invocations
 21316 | Orc:2    | Found Joabburi's Antique Weapon Shop.
 21316 | Orc:2    | Found Badilecu's Book Boutique.
 21316 | Orc:2    | Found a one-way gate leading to the halls of Pandemonium.
 21428 | Orc:2    | Noticed Snorg
 21441 | Orc:2    | Killed Snorg
 22032 | Orc:1    | Noticed Peloso's ghost (journeyman MiFi)
 22044 | Orc:2    | Reached skill level 15 in Fighting
 22368 | Orc:1    | Killed Peloso's ghost
 22584 | Orc:1    | Noticed Josephine
 22593 | Orc:1    | Killed Josephine
 22998 | Spider:1 | Entered Level 1 of the Spider Nest
 23312 | Spider:1 | Noticed et2088's ghost (journeyman NaBe)
 23401 | Spider:1 | HP: 1/141 [wolf spider (17)]
 23896 | Spider:1 | Received a gift from Okawaru
 24016 | Spider:1 | Reached XP level 16. HP: 133/149 MP: 15/15
 24830 | Spider:1 | Received a gift from Okawaru
 24997 | Spider:1 | Killed et2088's ghost
 25382 | Spider:2 | Reached skill level 15 in Armour
 26043 | Spider:2 | Gained mutation: Your spells are a little harder to cast, but a little more powerful. [potion of beneficial mutation]
 26044 | Spider:2 | Gained mutation: Your mind is acute. (Int +2) [potion of beneficial mutation]
 26185 | Spider:2 | Received a gift from Okawaru
 27138 | Spider:3 | Received a gift from Okawaru
 27474 | Spider:4 | Entered Level 4 of the Spider Nest
 27524 | Spider:4 | Reached XP level 17. HP: 94/159 MP: 10/16
 28315 | Spider:4 | Received a gift from Okawaru
 28445 | Spider:3 | HP: 7/160 [jumping spider (3)]
 28999 | Spider:4 | Identified a scroll of acquirement
 29004 | Spider:4 | Got a faintly glowing cloak
 29015 | Spider:4 | Identified the -2 cloak "Zoebuod" {+Inv rC+ SInv} (You acquired it on level 4 of the Spider Nest)
 29458 | Spider:4 | Reached skill level 5 in Dodging
 29939 | Spider:4 | Received a gift from Okawaru
 31017 | Spider:4 | Got a gossamer rune of Zot
 31407 | Shoals:1 | Entered Level 1 of the Shoals
 31467 | Shoals:1 | Received a gift from Okawaru
 31626 | Shoals:1 | Noticed Roxanne
 31985 | Shoals:1 | Reached XP level 18. HP: 111/170 MP: 18/18
 32760 | Shoals:2 | Noticed Polyphemus
 32782 | Shoals:1 | Killed Polyphemus
 35069 | Shoals:2 | Received a gift from Okawaru
 35686 | Shoals:2 | Got a polished spear
 35829 | Shoals:3 | Noticed Kirke
 36099 | Shoals:3 | Killed Kirke
 36868 | Shoals:3 | Identified the cursed +3 spear of Wyrd {pierce, +Fly rPois Int+4} (You found it on level 2 of the Shoals)
 37258 | Shoals:4 | Entered Level 4 of the Shoals
 37307 | Shoals:4 | Got a steaming chain mail
 37337 | Shoals:3 | Identified the +1 chain mail "Innidytuku" {Dex+4} (You found it on level 4 of the Shoals)
 37750 | Shoals:4 | Noticed Ilsuiw
 37777 | Shoals:4 | HP: 2/171 [water nymph/the raging water (20)]
 38273 | Shoals:4 | Killed Ilsuiw
 38294 | Shoals:4 | Received a gift from Okawaru
 38308 | Shoals:4 | Got a faintly glowing great sword {god gift}
 38833 | Lair:1   | Identified the +5 great sword of Hoexileg {venom, +Fly rElec Dex+3} (Okawaru gifted it to you on level 4 of the Shoals)
 39163 | Shoals:4 | Reached XP level 19. HP: 169/179 MP: 17/19
 39531 | Shoals:4 | Got a barnacled rune of Zot
 40885 | Elf:1    | Entered Level 1 of the Elven Halls
 40923 | Orc:2    | Bought 2 potions of heal wounds for 170 gold pieces
 40923 | Orc:2    | Bought a potion of curing for 51 gold pieces
 40923 | Orc:2    | Bought a potion of might for 68 gold pieces
 40925 | Orc:2    | Bought a potion of heal wounds for 70 gold pieces
 40925 | Orc:2    | Bought a potion of heal wounds for 70 gold pieces
 41021 | Elf:1    | Found Mekamn's Armour Shop.
 41308 | Elf:1    | Received a gift from Okawaru
 42530 | Elf:2    | Found Rotzafil's Armour Shoppe.
 42621 | Elf:2    | Bought the +2 cloak "Todwased" {rPois Str+6 Dex+5} for 536 gold pieces
 43335 | Elf:2    | Received a gift from Okawaru
 43555 | Elf:2    | Found a runed gate.
 43555 | Elf:2    | Found a runed gate.
 43560 | Elf:2    | Found a runed gate.
 43975 | Elf:2    | Received a gift from Okawaru
 44582 | Elf:3    | Entered Level 3 of the Elven Halls
 44782 | Elf:3    | Found a huge runed gate.
 44782 | Elf:3    | Found a huge runed gate.
 44782 | Elf:3    | Found a huge runed gate.
 44782 | Elf:3    | Found a huge runed gate.
 44783 | Elf:3    | Found a huge runed gate.
 44783 | Elf:3    | Found a huge runed gate.
 44784 | Elf:3    | Found a huge runed gate.
 44784 | Elf:3    | Found a huge runed gate.
 44789 | Elf:3    | Found a huge runed gate.
 44809 | Elf:3    | Reached XP level 20. HP: 100/189 MP: 10/20
 45163 | Elf:3    | Noticed Nikola
 45175 | Elf:3    | Killed Nikola
 45393 | Elf:3    | Noticed Saint Roka
 45418 | Elf:3    | Killed Saint Roka
 45425 | Elf:3    | Received a gift from Okawaru
 45917 | Elf:3    | Found Nurgha's Weapon Boutique.
 46322 | Elf:2    | Received a gift from Okawaru
 46827 | Elf:3    | Got an ancient mace {distort}
 46828 | Elf:3    | Identified the +3 mace "Xaseustri" {distort, rPois Int+3 Dex-3} (You took it off a deep elf death mage on level 3 of the Elven Halls)
 47218 | Elf:3    | Identified the Incunabulum of the Compass
 48189 | Vaults:1 | Entered Level 1 of the Vaults
 48265 | Vaults:1 | Found Reheicvergh's Gadget Shoppe.
 48315 | Vaults:1 | Found a ruined gateway.
 48328 | Desolati | Entered the Desolation of Salt
 48684 | Desolati | Got a fine plate armour
 48704 | Desolati | Identified the +5 plate armour "Asuketag" {Regen+ MP+9 Str+5} (You found it in the Desolation of Salt)
 48743 | Desolati | Got a smoking scale mail
 49115 | Desolati | Reached XP level 21. HP: 200/200 MP: 21/21
 49122 | Desolati | Received a gift from Okawaru
 49214 | Desolati | Got a faintly glowing chain mail {god gift}
 49315 | Desolati | Got an ichor-stained cloak
 49317 | Desolati | Identified the Disquisition on the Escort
 49344 | Desolati | Got a faintly glowing spear
 50126 | Lair:1   | Identified the cursed +2 spear "Killer Klown's Peril" {pierce, rPois Int+3} (You found it in the Desolation of Salt)
 50158 | Lair:1   | Identified the cursed +1 scale mail of the Dozen Cities {MR+ Regen+ Str-2 Int+3} (You found it in the Desolation of Salt)
 50182 | Lair:1   | Identified the +2 cloak "Osmi" {rC+ Str+4 Int+3} (You found it in the Desolation of Salt)
 50194 | Lair:1   | Identified the +7 chain mail of Qaixtuw {rPois rC+} (Okawaru gifted it to you in the Desolation of Salt)
 51444 | Vaults:2 | Received a gift from Okawaru
 52529 | Vaults:2 | Found a staircase to the Crypt.
 52529 | Vaults:2 | Found a basalt altar of Yredelemnul.
 52530 | Vaults:2 | Found an ancient bone altar of Kikubaaqudgha.
 52805 | Vaults:3 | Received a gift from Okawaru
 52907 | Vaults:3 | Noticed Asterion
 52918 | Vaults:3 | Killed Asterion
 52997 | Vaults:3 | Found a portal to a secret trove of treasure.
 53116 | Vaults:3 | Reached XP level 22. HP: 151/211 MP: 22/22
 53142 | Vaults:3 | Noticed Jorgrun
 53154 | Vaults:3 | Killed Jorgrun
 53154 | Vaults:3 | Received a gift from Okawaru
 53199 | Vaults:3 | Got an ancient long sword {god gift}
 53202 | Vaults:3 | Identified the +9 long sword of Anguish {slice, Str+3 Int+3} (Okawaru gifted it to you on level 3 of the Vaults)
 53608 | Vaults:3 | Found Yxiloij's Antique Armour Shop.
 53627 | Vaults:3 | Bought a pair of translucent gloves for 228 gold pieces
 53627 | Vaults:3 | Bought a dazzling shield for 228 gold pieces
 53640 | Vaults:3 | Identified the -5 shield "Coik" {rElec rF+ Dex+3} (You bought it in a shop on level 3 of the Vaults)
 53650 | Vaults:3 | Identified the +1 pair of gloves "Saitoce" {Slay+6} (You bought it in a shop on level 3 of the Vaults)
 54363 | Vaults:4 | Reached skill level 27 in Shields
 54408 | Vaults:4 | Received a gift from Okawaru
 54995 | Vaults:4 | Received a gift from Okawaru
 55354 | Vaults:4 | Received a gift from Okawaru
 55659 | Vaults:5 | Entered Level 5 of the Vaults
 55662 | Vaults:5 | Noticed a golden dragon
 56910 | Vaults:5 | Reached XP level 23. HP: 193/222 MP: 23/23
 57077 | Vaults:5 | Received a gift from Okawaru
 57590 | Vaults:4 | Identified a +0 pair of boots of running (Okawaru gifted it to you on level 5 of the Vaults)
 57974 | Vaults:4 | Received a gift from Okawaru
 58578 | Vaults:5 | Got a glittering amber ring
 58581 | Vaults:5 | Identified the ring "Xobuttul" {rElec Stlth+} (You found it on level 5 of the Vaults)
 59861 | Vaults:5 | Got a silver rune of Zot
 60034 | Vaults:5 | Reached XP level 24. HP: 227/236 MP: 24/24
 60112 | Vaults:5 | Got a pitted great sword
 60408 | Vaults:5 | Received a gift from Okawaru
 61162 | Lair:1   | Identified the +11 great sword of the Desert {freeze, rElec rF+ rC+} (You found it on level 5 of the Vaults)
 61546 | Crypt:1  | Entered Level 1 of the Crypt
 62230 | Crypt:1  | Found a basalt altar of Yredelemnul.
 63632 | Slime:1  | Entered Level 1 of the Pits of Slime
 63636 | Slime:1  | Gained mutation: You are weak. (Str -2) [a shining eye]
 63641 | Slime:1  | Gained mutation: You tend to lose your temper in combat. [a shining eye]
 63727 | Slime:2  | Paralysed by a great orb of eyes for 6 turns
 63990 | Slime:2  | Received a gift from Okawaru
 64446 | Slime:5  | Entered Level 5 of the Pits of Slime
 64851 | Slime:4  | Received a gift from Okawaru
 65052 | Slime:5  | Gained mutation: You often lose your temper in combat. [a shining eye]
 65126 | Slime:5  | Noticed the Royal Jelly
 65199 | Slime:5  | Killed the Royal Jelly
 65770 | Slime:5  | Reached XP level 25. HP: 246/246 MP: 24/24
 66064 | Slime:5  | Identified the Almanac of the Traveller and Ice
 66123 | Slime:5  | Identified Qaesest's Catalogue of Sinister Rites and Shape Shifting
 66185 | Slime:5  | Got a bloodstained plate armour
 66271 | Slime:5  | Identified a +0 pair of boots of running (You found it on level 5 of the Pits of Slime)
 66310 | Slime:5  | Got a slimy rune of Zot
 66333 | Slime:5  | Got a twisted falchion
 66334 | Slime:5  | Identified the +9 falchion of Bodily Humours {freeze, +Fly rPois Dex+7} (You found it on level 5 of the Pits of Slime)
 66402 | Slime:3  | Noticed Dissolution
 66410 | Slime:3  | Killed Dissolution
 66955 | Slime:2  | Received a gift from Okawaru
 67803 | Lair:1   | Identified the cursed +1 plate armour of the Unstoppable Moons {*Contam rPois rF+ MR+} (You found it on level 5 of the Pits of Slime)
 67872 | Lair:1   | Gained mutation: Armour fits poorly on your strangely shaped body. [mutagenic glow]
 68265 | Depths:1 | Entered Level 1 of the Depths
 68434 | Depths:1 | Received a gift from Okawaru
 68684 | Depths:1 | Found a snail-covered altar of Cheibriados.
 68732 | Depths:1 | Found a gateway to Hell.
 68738 | Hell     | Entered the Vestibule of Hell
 68738 | Hell     | Noticed Geryon
 71048 | Vaults:2 | Reached skill level 1 in Polearms
 72206 | Vaults:3 | You paid a toll of a +7 demon trident to enter a treasure trove
 72207 | Trove    | Entered a treasure trove
 72217 | Trove    | Got a pair of ichor-stained boots
 72228 | Trove    | Identified the +2 pair of boots of Music {*Contam rElec rF+ rC+} (You found it in a treasure trove)
 72612 | Lair:1   | Lost mutation: Armour fits poorly on your strangely shaped body. [potion of cure mutation]
 72612 | Lair:1   | Lost mutation: You often lose your temper in combat. [potion of cure mutation]
 72612 | Lair:1   | Lost mutation: You tend to lose your temper in combat. [potion of cure mutation]
 72612 | Lair:1   | Lost mutation: Your spells are a little harder to cast, but a little more powerful. [potion of cure mutation]
 72612 | Lair:1   | Lost mutation: You are weak. (Str -2) [potion of cure mutation]
 72612 | Lair:1   | Lost mutation: Your mind is acute. (Int +2) [potion of cure mutation]
 73093 | Depths:2 | Found Omuasic's Gadget Boutique.
 73094 | Depths:2 | Found Quton's Food Boutique.
 73094 | Depths:2 | Found Feydiwif's Gadget Shop.
 73097 | Depths:2 | Found Peilawn's Assorted Antiques.
 73125 | Depths:2 | Bought a wand of heal wounds (5/9) for 864 gold pieces
 73125 | Depths:2 | Bought a wand of hasting (5/9) for 864 gold pieces
 73131 | Depths:2 | Bought a scroll of fear for 154 gold pieces
 73221 | Depths:2 | Received a gift from Okawaru
 73569 | Depths:2 | Paralysed by a floating eye for 4 turns
 73628 | Depths:2 | Cast into level 2 of the Abyss (hell knight)
 73766 | Abyss:2  | Found a corrupted altar of Lugonu.
 73793 | Abyss:2  | Received a gift from Okawaru
 74115 | Abyss:2  | Reached XP level 26. HP: 215/255 MP: 24/24
 74121 | Depths:2 | Escaped the Abyss
 74177 | Depths:2 | Got a translucent gossamer ring
 74316 | Depths:2 | Noticed a juggernaut
 74325 | Depths:2 | Killed a juggernaut
 74352 | Depths:2 | Reached skill level 27 in Long Blades
 74414 | Depths:2 | Identified the ring of Fuygua Minyu {rC+ Int+3 Slay+2} (You took it off a hell knight on level 2 of the Depths)
 74612 | Depths:2 | Found Mosehy's Distillery.
 74615 | Depths:2 | Bought a potion of heal wounds for 85 gold pieces
 74673 | Depths:2 | Received a gift from Okawaru
 74733 | Depths:2 | Found a corrupted altar of Lugonu.
 74736 | Depths:2 | Found a one-way gate to the infinite horrors of the Abyss.
 75279 | Depths:2 | Reached skill level 27 in Fighting
 75332 | Depths:3 | Noticed Xtahua
 75341 | Depths:3 | Killed Xtahua
 75391 | Depths:3 | Found a gateway to a ziggurat.
 75656 | Depths:3 | Got a spiked hat
 75667 | Depths:3 | Identified the +1 hat "Agil" {+Fly Dex+2 Slay+4} (You acquired it on level 3 of the Depths)
 75710 | Depths:3 | Identified the Compendium of Snow and Earth
 77268 | Depths:4 | Received a gift from Okawaru
 77470 | Depths:4 | Found an opulent altar of Gozag.
 77681 | Depths:4 | Reached XP level 27. HP: 267/267 MP: 25/25
 77706 | Depths:4 | Received a gift from Okawaru
 78136 | Depths:4 | Got a translucent demon whip {freeze}
 78380 | Depths:5 | Entered Level 5 of the Depths
 78446 | Depths:5 | Received a gift from Okawaru
 78660 | Depths:5 | Received a gift from Okawaru
 79044 | Depths:5 | Found a gate to the Realm of Zot.
 79196 | Depths:5 | Noticed a juggernaut
 79208 | Depths:5 | Killed a juggernaut
 80069 | Hell     | Reached skill level 5 in Evocations
 80089 | Hell     | Killed Geryon
 80146 | Hell     | Identified the +7 demon whip of Caiginem {freeze, rC+ Int+4 Dex+4} (You took it off a crimson imp on level 4 of the Depths)
 80196 | Hell     | Found a gateway to the Iron City of Dis.
 80295 | Hell     | Found a gateway to the ashen valley of Gehenna.
 80854 | Hell     | Found a gateway to the decaying netherworld of Tartarus.
 80922 | Hell     | Reached skill level 27 in Armour
 80952 | Hell     | Found a gateway to the freezing wastes of Cocytus.
 81815 | Crypt:2  | Received a gift from Okawaru
 82059 | Crypt:2  | Found a basalt altar of Yredelemnul.
 82543 | Crypt:2  | Got a slimy morningstar
 82609 | Crypt:2  | Identified the cursed +1 morningstar "Laufuhe" {crush, Dex+7} (You found it on level 2 of the Crypt)
 82637 | Crypt:3  | Entered Level 3 of the Crypt
 82933 | Crypt:3  | Received a gift from Okawaru
 83010 | Crypt:3  | Got a twitching silver amulet
 83034 | Crypt:3  | Reached skill level 10 in Evocations
 83182 | Crypt:3  | Noticed an ancient lich
 83187 | Crypt:3  | Killed an ancient lich
 83204 | Crypt:3  | Identified the amulet of Lusch {Spirit Str+3} (You took it off an ancient champion on level 3 of the Crypt)
 83208 | Crypt:3  | Got an ancient marble ring
 83210 | Crypt:3  | Identified the ring of Mysticism {rF+ rN+} (You found it on level 3 of the Crypt)
 83213 | Crypt:3  | Got a vibrating bronze ring
 83214 | Crypt:3  | Identified the ring of Eluodo {rF+ rN+} (You found it on level 3 of the Crypt)
 83971 | Crypt:3  | Found a staircase to the Tomb.
 85232 | Tomb:1   | Entered Level 1 of the Tomb of the Ancients
 85974 | Tomb:1   | Noticed a greater mummy
 85977 | Tomb:1   | Noticed a greater mummy
 86294 | Tomb:1   | Killed a greater mummy
 86305 | Tomb:1   | Killed a greater mummy
 86305 | Tomb:1   | Reached skill level 5 in Stealth
 86732 | Tomb:1   | Received a gift from Okawaru
 87435 | Tomb:2   | Noticed a greater mummy
 87436 | Tomb:2   | Noticed a greater mummy
 87436 | Tomb:2   | Noticed a greater mummy
 87932 | Tomb:2   | Noticed a greater mummy
 88511 | Tomb:2   | Killed a greater mummy
 88520 | Tomb:1   | Killed a greater mummy
 88524 | Tomb:1   | Received a gift from Okawaru
 88691 | Tomb:1   | Killed a greater mummy
 88691 | Tomb:1   | Reached skill level 5 in Invocations
 89015 | Tomb:1   | Killed a greater mummy
 89655 | Tomb:2   | Reached skill level 15 in Evocations
 89877 | Tomb:1   | Noticed a greater mummy
 89878 | Tomb:1   | Received a gift from Okawaru
 89885 | Tomb:1   | Killed a greater mummy
 89898 | Tomb:1   | Noticed a greater mummy
 89905 | Tomb:1   | Killed a greater mummy
 90205 | Tomb:1   | Noticed a greater mummy
 90205 | Tomb:1   | Noticed a greater mummy
 90503 | Tomb:1   | Killed a greater mummy
 90508 | Tomb:1   | Killed a greater mummy
 90550 | Tomb:1   | Noticed a greater mummy
 90592 | Tomb:1   | Killed a greater mummy
 90803 | Tomb:1   | Noticed a greater mummy
 90803 | Tomb:1   | Noticed a greater mummy
 91109 | Tomb:1   | Killed a greater mummy
 91357 | Tomb:1   | Killed a greater mummy
 91593 | Tomb:1   | Noticed a greater mummy
 91601 | Tomb:1   | Killed a greater mummy
 91765 | Tomb:1   | Noticed a greater mummy
 91771 | Tomb:1   | Killed a greater mummy
 91773 | Tomb:1   | Noticed a greater mummy
 91780 | Tomb:1   | Killed a greater mummy
 91780 | Tomb:1   | Received a gift from Okawaru
 91796 | Tomb:1   | Noticed a greater mummy
 91803 | Tomb:1   | Killed a greater mummy
 92070 | Tomb:1   | Noticed a greater mummy
 92078 | Tomb:1   | Killed a greater mummy
 92135 | Tomb:1   | Noticed a greater mummy
 92137 | Tomb:1   | Noticed a greater mummy
 92195 | Tomb:1   | Killed a greater mummy
 92273 | Tomb:1   | Noticed a greater mummy
 92280 | Tomb:1   | Noticed a greater mummy
 92285 | Tomb:1   | Killed a greater mummy
 92844 | Tomb:1   | Killed a greater mummy
 93168 | Tomb:1   | Noticed a greater mummy
 93173 | Tomb:1   | Noticed a greater mummy
 93178 | Tomb:1   | Killed a greater mummy
 93178 | Tomb:1   | Reached skill level 10 in Invocations
 93189 | Tomb:1   | Killed a greater mummy
 93478 | Tomb:1   | Killed a greater mummy
 93569 | Tomb:1   | Noticed a greater mummy
 93573 | Tomb:1   | Noticed a greater mummy
 93580 | Tomb:1   | Killed a greater mummy
 93587 | Tomb:1   | Killed a greater mummy
 93949 | Tomb:1   | Noticed a greater mummy
 93955 | Tomb:1   | Noticed a greater mummy
 93977 | Tomb:1   | Killed a greater mummy
 94183 | Tomb:1   | Noticed a greater mummy
 94191 | Tomb:1   | Killed a greater mummy
 94201 | Tomb:1   | Killed a greater mummy
 94502 | Tomb:1   | Noticed a greater mummy
 94526 | Tomb:1   | Killed a greater mummy
 94718 | Tomb:1   | Noticed a greater mummy
 94719 | Tomb:1   | Noticed a greater mummy
 94780 | Tomb:1   | Killed a greater mummy
 94789 | Tomb:1   | Killed a greater mummy
 95056 | Tomb:1   | Noticed a greater mummy
 95142 | Tomb:1   | Killed a greater mummy
 95535 | Tomb:1   | Noticed a greater mummy
 95543 | Tomb:1   | Killed a greater mummy
 97314 | Tomb:3   | Entered Level 3 of the Tomb of the Ancients
 97479 | Tomb:3   | Received a gift from Okawaru
 97559 | Tomb:3   | Noticed a greater mummy
 98245 | Tomb:2   | Got a pitted cloak
 98256 | Tomb:2   | Identified the +0 cloak of Ezuprur {rCorr Int-3 Dex+2} (You acquired it on level 2 of the Tomb of the Ancients)
 98652 | Tomb:3   | Noticed a greater mummy
 98661 | Tomb:2   | Killed a greater mummy
 99089 | Tomb:3   | Noticed an ancient lich
 99420 | Tomb:3   | Noticed a greater mummy
100075 | Tomb:3   | Noticed a greater mummy
100086 | Tomb:2   | Killed an ancient lich
100173 | Tomb:3   | Noticed a greater mummy
100182 | Tomb:2   | Killed a greater mummy
100426 | Tomb:3   | Noticed a greater mummy
100433 | Tomb:2   | Killed a greater mummy
100617 | Tomb:3   | Noticed a greater mummy
100622 | Tomb:2   | Killed a greater mummy
100628 | Tomb:2   | Killed a greater mummy
101290 | Tomb:2   | Killed a greater mummy
101290 | Tomb:2   | Received a gift from Okawaru
102684 | Tomb:3   | Killed a greater mummy
103373 | Tomb:1   | Reached skill level 15 in Invocations
104423 | Temple   | Entered the Ecumenical Temple
105361 | Tomb:3   | Noticed a greater mummy
105386 | Tomb:3   | Killed a greater mummy
105847 | Tomb:3   | Got a golden rune of Zot
105987 | Tomb:3   | Got a fine marble ring
106012 | Tomb:3   | Got a translucent copper ring
106093 | Tomb:3   | Got a bloodstained great sword
106095 | Tomb:3   | Got a brightly glowing morningstar
106116 | Tomb:3   | Identified the ring "Tififa" {rPois rN+ Int+5 Dex-2 Stlth+} (You found it on level 3 of the Tomb of the Ancients)
106120 | Tomb:3   | Lost intelligence.
106120 | Tomb:3   | Identified the ring "Jooh" {rC+ AC+2 Str+7 Int-2 Stlth+} (You found it on level 3 of the Tomb of the Ancients)
106459 | Tomb:3   | Got a fine war axe
106465 | Tomb:3   | Got a slimy morningstar
107576 | Lair:1   | Identified the cursed +1 morningstar "Etioruox" {speed, rC+ MP+9} (You found it on level 3 of the Tomb of the Ancients)
107593 | Lair:1   | Identified the +7 morningstar "Uddath" {vamp, *Noise MR++} (You found it on level 3 of the Tomb of the Ancients)
107598 | Lair:1   | Identified the +4 great sword "Lymotrit" {holy, -Tele rElec MR+++ Str-3} (You found it on level 3 of the Tomb of the Ancients)
107603 | Lair:1   | Identified the +7 war axe of the Warrior-Mage {freeze, rPois Dex+4} (You found it on level 3 of the Tomb of the Ancients)
108006 | Zot:1    | Entered Level 1 of the Realm of Zot
108372 | Zot:1    | Received a gift from Okawaru
108424 | Zot:1    | Noticed an orb of fire
108433 | Zot:1    | Killed an orb of fire
109246 | Zot:2    | Noticed SexyTroll44's ghost (legendary DrAE)
109261 | Zot:2    | Killed SexyTroll44's ghost
109294 | Zot:2    | Received a gift from Okawaru
110832 | Zot:3    | Received a gift from Okawaru
113114 | Zot:4    | Received a gift from Okawaru
113222 | Zot:4    | Got a pair of crude boots
113691 | Zot:4    | Identified the +3 pair of boots of Gluttony {rC+ MR- Int+3} (You found it on level 4 of the Realm of Zot)
113865 | Zot:5    | Entered Level 5 of the Realm of Zot
114128 | Zot:5    | Noticed an ancient lich
114135 | Zot:5    | Killed an ancient lich
114227 | Zot:5    | Noticed an orb of fire
114395 | Zot:5    | Received a gift from Okawaru
114409 | Zot:5    | Got an ichor-stained hat {god gift}
114421 | Zot:5    | Identified the +2 hat "Kedompem" {MR+++ rCorr MP+9 Dex-3} (Okawaru gifted it to you on level 5 of the Realm of Zot)
114446 | Zot:5    | Noticed an ancient lich
114448 | Zot:5    | Noticed an orb of fire
114448 | Zot:5    | Gained mutation: You are frail. (-10% HP) [an orb of fire]
114456 | Zot:5    | Gained mutation: You are resistant to electric shocks. (rElec) [an orb of fire]
114458 | Zot:5    | Killed an ancient lich
114460 | Zot:5    | Gained mutation: You are very frail. (-20% HP) [an orb of fire]
114460 | Zot:5    | Gained mutation: You are clumsy. (Dex -2) [an orb of fire]
114462 | Zot:5    | Gained mutation: You occasionally shout uncontrollably at your foes. [an orb of fire]
114464 | Zot:5    | Lost mutation: You are clumsy. (Dex -2) [an orb of fire]
114465 | Zot:5    | Gained mutation: Your spells are a little easier to cast, but a little less powerful. [an orb of fire]
114476 | Zot:5    | Killed an orb of fire
114480 | Zot:5    | Gained mutation: You are extremely frail. (-30% HP) [an orb of fire]
114485 | Zot:5    | Killed an orb of fire
114500 | Zot:5    | Noticed an orb of fire
114504 | Zot:5    | Gained mutation: Your spells are easier to cast, but less powerful. [an orb of fire]
114506 | Zot:5    | Gained mutation: You expend magic power (3 MP) to strengthen your wands. [an orb of fire]
114510 | Zot:5    | Gained mutation: Your body sometimes deteriorates upon taking damage. [an orb of fire]
114511 | Zot:5    | Gained mutation: Scrolls take you a little longer to read. [an orb of fire]
114512 | Zot:5    | Killed an orb of fire
114563 | Zot:5    | Noticed an orb of fire
114578 | Zot:5    | Killed an orb of fire
114889 | Zot:5    | Received a gift from Okawaru
114907 | Zot:5    | Got a brightly glowing trident {god gift}
115688 | Lair:1   | Identified the +4 trident of Tuptuys {flame, MR+} (Okawaru gifted it to you on level 5 of the Realm of Zot)
116188 | Tar:1    | Entered Level 1 of Tartarus
116251 | Tar:1    | HP: 6/206 [Tzitzimitl/bolt of cold[the effects of Hell] (10)]
116576 | Geh:1    | Entered Level 1 of Gehenna
117260 | Geh:1    | Received a gift from Okawaru
117263 | Geh:1    | Got a transparent scimitar {god gift}
118740 | Geh:2    | Received a gift from Okawaru
119452 | Geh:3    | Lost mutation: You expend magic power (3 MP) to strengthen your wands. [mutagenic glow]
120009 | Geh:4    | HP: 7/206 [??? (5)]
120330 | Geh:4    | Received a gift from Okawaru
121698 | Geh:6    | Received a gift from Okawaru
121706 | Geh:6    | Got an encrusted large shield {god gift}
121709 | Geh:6    | Identified the +2 large shield of the Ecumenical Temple {rN+ Str+7 Dex-2 Stlth+} (Okawaru gifted it to you on level 6 of Gehenna)
122683 | Geh:7    | Entered Level 7 of Gehenna
122835 | Geh:7    | Noticed the Serpent of Hell
123154 | Geh:7    | HP: 4/206 [hellion/damnation (31)]
123155 | Geh:7    | Reached skill level 10 in Stealth
123241 | Geh:7    | HP: 5/206 [Brimstone Fiend/damnation (39)]
123255 | Geh:7    | Killed the Serpent of Hell
123255 | Geh:7    | Received a gift from Okawaru
123340 | Geh:7    | Killed from afar by a Brimstone Fiend

Skill      XL: |  1  2  3  4  5  6  7  8  9 10 11 12 13 14 15 16 17 18 19 20 21 22 23 24 25 26 27 |
---------------+----------------------------------------------------------------------------------+-----
Fighting       | 4 5 6 7 8 9 10 11 13 14 15 16 17 18 19 20 21 23 24 26 27 | 27.0
Armour         | 4 5 6 7 9 10 12 13 14 15 16 17 18 19 20 21 24 27 | 27.0
Shields        | 4 5 6 8 9 11 12 14 16 18 19 21 22 24 25 26 27 | 27.0
Long Blades    | 3 4 5 8 10 11 12 14 15 16 17 18 19 20 21 22 24 25 26 27 | 27.0
Dodging        | 1 2 3 4 5 6 7 8 9 |  9.7
Stealth        | 1 2 3 4 10 | 10.1
Evocations     | 1 2 4 24 | 24.4
Invocations    | 1 2 3 4 26 | 26.3
Polearms       | 1 |  1.9

Action                   |  1- 3 |  4- 6 |  7- 9 | 10-12 | 13-15 | 16-18 | 19-21 | 22-24 | 25-27 || total
-------------------------+-------+-------+-------+-------+-------+-------+-------+-------+-------++-------
Melee: Long sword        |   102 |   161 |   134 |       |       |       |       |    52 |       ||   449
       Headbutt          |    15 |    27 |    66 |   160 |   418 |   570 |   538 |   586 |  2262 ||  4642
       Falchion          |       |       |   172 |   106 |       |       |       |       |    12 ||   290
       Scimitar          |       |       |       |   506 |  1251 |  1370 |  1110 |  1375 |  5320 || 10932
       Demon blade       |       |       |       |       |       |   168 |   407 |       |       ||   575
       Spear             |       |       |       |       |       |    16 |       |       |       ||    16
       Unarmed           |       |       |       |       |       |     3 |       |       |       ||     3
       Katana            |       |       |       |       |       |       |    37 |       |       ||    37
       Demon trident     |       |       |       |       |       |       |       |       |    27 ||    27
Invok: Heroism           |       |       |     2 |       |     9 |     6 |     5 |    10 |    19 ||    51
       Finesse           |       |       |       |       |       |       |       |     1 |       ||     1
 Abil: Evoke Flight      |       |       |       |       |       |       |       |       |     1 ||     1
Evoke: Wand              |       |       |       |       |     9 |     7 |     8 |    16 |    30 ||    70
  Use: Scroll            |       |    12 |     5 |     6 |     8 |    11 |    11 |     8 |    45 ||   106
       Potion            |       |       |     2 |     1 |     3 |    11 |       |     5 |    19 ||    41
 Stab: Invisible         |       |     1 |       |       |       |       |       |       |       ||     1
       Distracted        |       |       |       |     1 |       |       |       |       |     2 ||     3
       Held in net/web   |       |       |       |       |     1 |     1 |       |       |       ||     2
  Eat: Chunk             |       |     8 |     9 |    15 |    37 |    42 |    41 |    26 |    66 ||   244
       Fruit             |       |       |       |     4 |     3 |     7 |     3 |    15 |    18 ||    50
       Beef jerky        |       |       |       |       |       |       |       |       |    17 ||    17
       Pizza             |       |       |       |       |       |       |       |       |    19 ||    19
       Royal jelly       |       |       |       |       |       |       |       |       |     8 ||     8
       Meat ration       |       |       |       |       |       |       |       |       |     4 ||     4
       Bread ration      |       |       |       |       |       |       |       |       |     4 ||     4
Armor: Scale mail        |    62 |    22 |       |       |       |       |       |       |       ||    84
       Chain mail        |       |    68 |   133 |    91 |       |    43 |   130 |       |       ||   465
       Plate armour      |       |       |       |   137 |   524 |   800 |   113 |   506 |   144 ||  2224
       Gold dragon scale |       |       |       |       |       |       |       |       |  1826 ||  1826
Dodge: Dodged            |    47 |    58 |    59 |   125 |   343 |   545 |   206 |   445 |  1541 ||  3369
Block: Shield            |    84 |    87 |   147 |   294 |  1267 |  1620 |       |       |       ||  3499
       Reflection        |       |       |       |       |    27 |   128 |   153 |    90 |   117 ||   515
       Large shield      |       |       |       |       |       |   484 |  1402 |  1879 |  6816 || 10581
       Buckler           |       |       |       |       |       |       |     5 |       |       ||     5
       Rpst.: Long sword |    12 |    17 |     6 |       |       |       |       |     1 |       ||    36
       Falchion          |       |       |     9 |     4 |       |       |       |       |       ||    13
       Scimitar          |       |       |       |    24 |    71 |    90 |    23 |    76 |   244 ||   528
       Demon blade       |       |       |       |       |       |     2 |     9 |       |       ||    11
